 Dungeon Crawl Stone Soup version 0.32-a0-938-g40ac7a0f4d (webtiles) character file.

Game seed: 15361651394826655518

9 Gadrel the Covered (level 2, -2/25 HPs)
             Began as an Armataur Fighter on Apr 15, 2024.
             Was a Follower of the Shining One.
             Succumbed to a kobold's poison
             ... on level 1 of the Dungeon.
             The game lasted 00:00:39 (287 turns).

Gadrel the Covered (Armataur Fighter)                Turns: 287, Time: 00:00:39

Health: -2/25      AC:  7    Str: 21    XL:     2   Next: 3%
Magic:  2/2        EV:  6    Int:  8    God:    the Shining One [*.....]
Gold:   0          SH:  4    Dex:  9    Spells: 1/1 levels left

rFire   . . .        a - +0 flail
rCold   . . .        c - +0 buckler
rNeg    . . .        b - +0 scale mail
rPois   .            (no helmet)
rElec   .            (no cloak)
rCorr   .            (no gloves)
SInv    .            (no barding)
Will    .....        (no amulet) Stlth
                     (no ring)
HPRegen 0.24/turn    (no ring)
MPRegen 1.07/turn

%: roll
@: lethally poisoned (-2 -> -22), glowing
A: large, deformed body, tough skin 3, armoured tail, rollpage 1
a: Renounce Religion, Divine Shield


You were on level 1 of the Dungeon.
You worshipped the Shining One.
The Shining One was aware of your devotion.
You visited 1 branch of the dungeon, and saw 1 of its levels.

Inventory:

Hand Weapons
 a - a +0 flail (weapon)
Armour
 b - a +0 scale mail (worn)
 c - a +0 buckler (worn)
Potions
 M - a potion of might


   Skills:
 + Level 2.8 Fighting
 + Level 2.0 Maces & Flails
 + Level 3.8 Armour
 + Level 3.4 Shields
 + Level 0.0 Invocations


You had one spell level left.
You didn't know any spells.
Your spell library was empty.

Dungeon Overview and Level Annotations

Branches:
Dungeon (1/15)

Altars:
The Shining One


Innate Abilities, Weirdness & Mutations

Armour fits poorly on your strangely shaped body.
You have extremely tough skin. (AC +3)
You have a long armoured tail.
You regenerate magic when rolling toward enemies. (Rampage MPRegen)


Message History

A rat comes into view.
The rat squeaks loudly.
You roll towards the rat!
You barely miss the rat. You tail-slap the rat.
You kill the rat!
A bat comes into view.
The bat barely misses you. The bat hits you but does no damage.
You hit the bat but do no damage. You block the bat's attack.
You roll towards the bat!
You barely miss the bat. The bat hits you but does no damage.
You block the bat's attack. The bat hits you but does no damage.
You roll towards the bat!
You completely miss the bat. The bat hits you but does no damage. x2
You sock the bat!
You kill the bat!
No target in view!
You see here a bat corpse.
You see here a +0 club.
An endoplasm and a giant cockroach come into view.
Found a stone staircase leading down.
The endoplasm quivers.
There are monsters nearby!
A frilled lizard comes into view.
The frilled lizard hisses angrily.
The giant cockroach bites you but does no damage.
You sock the giant cockroach!
You kill the giant cockroach!
You sock the endoplasm!
You kill the endoplasm!
You barely miss the frilled lizard.
The frilled lizard bites you but does no damage.
You barely miss the frilled lizard. The frilled lizard bites you.
You take 1 damage, and have 17/18 hp.
You barely miss the frilled lizard.
The frilled lizard bites you but does no damage. x2
You barely miss the frilled lizard. The frilled lizard bites you.
You take 3 damage, and have 14/18 hp.
You closely miss the frilled lizard. The frilled lizard bites you.
You take 1 damage, and have 13/18 hp.
You closely miss the frilled lizard. You block the frilled lizard's attack.
The frilled lizard bites you but does no damage.
You sock the frilled lizard!
You kill the frilled lizard!
No target in view!
Things that are here:
a frilled lizard corpse; a giant cockroach corpse A ball python comes into view.
Health restored: 18 You block the ball python's attack.
You hit the ball python.
You kill the ball python!
Your Maces & Flails skill increases to level 2!
No target in view!
You see here a ball python corpse.
An endoplasm comes into view.
The endoplasm quivers.
You roll towards the endoplasm!
You roll towards the endoplasm!
The endoplasm hits you but does no damage.
You sock the endoplasm!
You kill the endoplasm!
You have reached level 2!
Health restored: 25; MP restored: 2 A kobold comes into view.
It is wielding a +2 dagger of venom.
The kobold shouts!
A kobold is nearby!
A dart slug comes into view.
You roll towards the kobold!
A bat comes into view.
The kobold throws a stone.
The stone barely misses you.
You roll towards the kobold!
You hit the kobold but do no damage.
The kobold hits you with a +2 dagger of venom.
You are poisoned.
You take 4 damage, and have 21/25 hp.
You closely miss the kobold.
You feel very sick.
The kobold hits you with a +2 dagger of venom.
The kobold completely misses you.
You take 4 damage, and have 17/25 hp.
You hit the kobold.
You feel sick.
The kobold hits you with a +2 dagger of venom.
You are lethally poisoned!
You take 5 damage, and have 12/25 hp.
You closely miss the kobold.
You tail-slap the kobold, but do no damage.
* * * LOW HITPOINT WARNING * * *
You feel very sick. You block the kobold's attack.
You take 6 damage, and have 6/25 hp.
MASSIVE DAMAGE!!
You hit the kobold but do no damage.
* * * LOW HITPOINT WARNING * * *
You feel very sick. You block the kobold's attack.
The kobold hits you but does no damage.
You are more poisoned.
You take 3 damage, and have 3/25 hp.
Okay, then.
You hit the kobold.
You kill the kobold!
You die...

.# #####. . #######....#
.. #.....#....# #..
####.....#....#
..#........#....# ###
.........#....## ...
#.#.####.#...........###
....
.....w)@................
....
###.#b#.................
... # #.#####...........
.# )..# #........... .#
# ##.## #........... . .
.. #...)....... .# .##
#........### #.# ..
#........# # #.#
########## #


You could see a dart slug and a bat.

Vanquished Creatures
  A bat (D:1)
  3 endoplasms (D:1)
  A giant cockroach (D:1)
  A kobold (D:1)
  A ball python (D:1)
  A frilled lizard (D:1)
  A rat (D:1)
9 creatures vanquished.

Notes
Turn   | Place    | Note
-------+----------+-------------------------------------------
     0 | D:1      | Gadrel the Armataur Fighter began the quest for the Orb.
     0 | D:1      | Reached XP level 1. HP: 18/18 MP: 1/1
    53 | D:1      | Found a faded altar of an unknown god.
    58 | D:1      | Prayed at the altar of an unknown god.
    58 | D:1      | Became a worshipper of the Shining One
    58 | D:1      | Reached * piety under the Shining One
   262 | D:1      | Reached skill level 2 in Maces & Flails
   272 | D:1      | Reached XP level 2. HP: 25/25 MP: 2/2
   285 | D:1      | HP: 6/25 [poisoned by a kobold]
   287 | D:1      | Succumbed to a kobold's poison

Illustrated notes

Levels and vault maps discovered:
D:1:      minmay_arrival_diagonal_passages, layout_basic,
          basic_ecumenical_altar, st_stairs_5, minmay_pentomino_q4

Skill      XL: |  1 |
---------------+----+-----
Maces & Flails | 2 |  2.0
Fighting       | |  2.8
Armour         | |  3.8
Shields        | |  3.4

Action                     || total
---------------------------++-------
  Melee: Flail             ||    24
         Tailslap          ||     2
 Armour: Scale mail        ||    18
  Dodge: Dodged            ||     3
  Block: Buckler           ||     6

Table legend: (Time is in decaauts)
 A = Elapsed time spent in this place.
 B = Non-inter-level travel time spent in this place.
 C = Inter-level travel time spent in this place.
 D = Time resting spent in this place.
 E = Time spent auto-exploring this place.
 F = Levels seen in this place.
 G = Mean time per level.
                   A        B        C        D        E       F      G
               +--------+--------+--------+--------+--------+-----+--------+
         Total |    295 |    295 |      0 |      0 |    240 |   1 |  295.0 |
       Dungeon |    295 |    295 |      0 |      0 |    240 |   1 |  295.0 |
               +--------+--------+--------+--------+--------+-----+--------+

Top non-repeatable levels by time:
     D:1: 295 daAuts

Levels and vault maps discovered:
D:1:      minmay_arrival_diagonal_passages, layout_basic,
          basic_ecumenical_altar, st_stairs_5, minmay_pentomino_q4

Table legend: (Time is in decaauts)
 A = Elapsed time spent in this place.
 B = Non-inter-level travel time spent in this place.
 C = Inter-level travel time spent in this place.
 D = Time resting spent in this place.
 E = Time spent auto-exploring this place.
 F = Levels seen in this place.
 G = Mean time per level.
                   A        B        C        D        E       F      G
               +--------+--------+--------+--------+--------+-----+--------+
         Total |    295 |    295 |      0 |      0 |    240 |   1 |  295.0 |
       Dungeon |    295 |    295 |      0 |      0 |    240 |   1 |  295.0 |
               +--------+--------+--------+--------+--------+-----+--------+

Top non-repeatable levels by time:
     D:1: 295 daAuts

Table legend:
 A = Kills in this place as a percentage of kills in the entire game.
 B = Kills by you in this place as a percentage of kills by you in the entire game.
 C = Kills by friends in this place as a percentage of kills by friends in the entire game.
 D = Other kills in this place as a percentage of other kills in the entire game.
 E = Experience gained in this place as a percentage of experience gained in the entire game.
 F = Experience gained in this place divided by the number of levels of this place that you have seen.
                   A       B       C       D       E      F
               +-------+-------+-------+-------+-------+----------------------
         Total | 100.0 | 100.0 |   N/A |   N/A | 100.0 |  15.0
       Dungeon | 100.0 | 100.0 |   N/A |   N/A | 100.0 |  15.0
               +-------+-------+-------+-------+-------+----------------------
